Map: Lightshade LE

Players

A.I. 2 (Elite)

  • Race: Terran Terran
  • Spawn Location: 11:00

llllllllllll - Winner!

  • Race: Zerg Zerg
  • League: Master
  • Spawn Location: 5:00

VOD

Have the link to the VOD?

Description

Time

  • Played on: Jan. 15, 2021, 5:36 a.m.
  • Length: 6:00
Show
View Real Time Build Order
Export as new Build Order

A.I. 2 (Elite) Terran 

Build Orders: 2 Factory, Mech 

Get SALT Encoding   

  12  0:00  SCV  
  13  0:13  SCV  
  14  0:18  Supply Depot  
  14  0:25  SCV  
  15  0:40  SCV  
  15  0:42  Barracks  
  16  0:52  SCV  
  17  1:04  SCV  
  18  1:16  SCV  
  18  1:17  Supply Depot  
  19  1:21  Refinery  
  19  1:28  SCV, Marine  
  21  1:40  SCV  
  21  1:46  Marine  
  23  1:50  Refinery  
  23  1:52  SCV  
  24  2:04  SCV, Marine  
  26  2:16  SCV  
  26  2:20  Factory  
  26  2:22  Marine  
  28  2:29  SCV  
  29  2:39  Marine  
  29  2:40  Factory  
  29  2:41  SCV  
  29  2:43  Supply Depot  
  31  2:54  Orbital Command  
  31  3:04  Factory Tech Lab, Marine  
  32  3:19  SCV  
  33  3:22  Marine  
  33  3:23  Command Center  
  33  3:24  Factory Tech Lab  
  34  3:32  SCV  
  35  3:44  SCV  
  36  3:56  SCV  
  36  3:58  Supply Depot  
  36  4:01  Barracks  
  37  4:08  SCV  
  38  4:20  Siege Tank x2, SCV  
  45  4:29  Supply Depot  
  45  4:32  SCV  
  45  4:34  SCV, Marine  
  48  4:42  Supply Depot  
  48  4:44  SCV  
  49  4:46  SCV  
  49  4:52  Siege Tank x2  
  56  4:56  SCV  
  56  4:58  SCV  
  58  5:03  Supply Depot  
  58  5:08  SCV  
  58  5:11  SCV  
  59  5:16  Barracks Tech Lab  
  59  5:20  Factory, SCV  
  60  5:23  SCV  
  60  5:24  Hellion x2  
Show
View Real Time Build Order
Export as new Build Order

llllllllllll Zerg - Winner!

Build Orders: Hatch First 

Get SALT Encoding   

  12  0:00  Drone  
  13  0:12  Overlord  
  13  0:17  Drone  
  14  0:31  Drone x2  
  16  0:50  Hatchery  
  16  0:52  Drone  
  16  0:56  Drone  
  17  0:59  Drone  
  18  1:10  Extractor  
  17  1:14  Spawning Pool  
  17  1:17  Drone  
  17  1:21  Drone  
  18  1:28  Drone  
  19  1:38  Overlord  
  19  1:50  Drone  
  20  2:01  Queen  
  20  2:02  Queen, Zergling x4  
  26  2:10  Metabolic Boost  
  26  2:12  Drone  
  26  2:13  Drone  
  28  2:23  Drone x2  
  30  2:36  Queen  
  30  2:37  Queen  
  30  2:41  Overlord  
  34  2:54  Hatchery  
  34  2:58  Drone  
  34  2:59  Drone  
  34  3:02  Drone  
  34  3:04  Drone  
  37  3:06  Drone  
  37  3:08  Drone  
  39  3:13  Drone x2  
  39  3:19  Extractor, Drone x2  
  42  3:21  Drone  
  43  3:29  Roach Warren  
  42  3:36  Overlord x2  
  42  3:41  Overlord  
  42  3:51  Overlord  
  42  4:14  Roach x9  
  60  4:17  Roach  
  60  4:18  Roach  
  60  4:20  Roach  
  66  4:28  Roach x2  
  66  4:30  Overlord  
  70  4:40  Zergling x10  
  70  4:44  Zergling x2  
  76  4:48  Zergling x2  
  77  4:54  Spore Crawler  
  77  4:55  Spore Crawler  
  77  4:56  Zergling x4  
  77  5:05  Zergling x2  
  78  5:09  Ravager x3  
  78  5:11  Zergling x6  
  78  5:13  Spore Crawler  
  83  5:15  Zergling x2  
  83  5:17  Zergling x2  
  83  5:19  Zergling x2  
  85  5:24  Overlord  
  82  5:41  Zergling x10  
Tags
 
Composition
Mech
League
Master
Matchup
TvZ
Spawn Locations
Cross Positions
Add a new tag
Caveats
  • Supply blocks, unpowered buildings, or Contaminate may cause inaccurate times.
  • Supply counts are checked every 10 seconds.